 Dungeon Crawl Stone Soup version 0.23.2-33-g5129a83184 (webtiles) character file.

Game seed: 3752905743077638967

5163 Folque the Geomancer (level 10, -7/73 HPs)
             Began as a Purple Draconian Earth Elementalist on July 16, 2019.
             Was a Believer of Sif Muna.
             Mangled by a centaur (8 damage)
             ... on level 11 of the Dungeon on July 17, 2019.
             The game lasted 00:29:01 (8441 turns).

Folque the Geomancer (DrEE)                         Turns: 8441, Time: 00:29:02

Health: -7/73      AC:  3    Str: 12    XL:     10   Next: 33%
Magic:  2/18       EV: 13    Int: 18    God:    Sif Muna [**....]
Gold:   358        SH:  0    Dex: 11    Spells: 5/20 levels left

rFire    . . .     SeeInvis .   s - +0 halberd
rCold    . . .     Gourm    .   (shield currently unavailable)
rNeg     . . .     Faith    .   (armour unavailable)
rPois    .         Spirit   .   (helmet restricted)
rElec    .         Reflect  .   (no cloak)
rCorr    .         Harm     .   (no gloves)
MR       +....                  (no boots)
Stlth    +++.......             (no amulet)
HPRegen  0.22/turn              (no ring)
MPRegen  0.16/turn              (no ring)

@: about to teleport, corroded, hasted, divine energy, very quick
A: breathe power, unfitting armour, cold-blooded, AC +7
a: Breathe Dispelling Energy, Stop Divine Energy, Renounce Religion


You were on level 11 of the Dungeon.
You worshipped Sif Muna.
Sif Muna was pleased with you.
You were not hungry.

You visited 2 branches of the dungeon, and saw 10 of its levels.

You collected 358 gold pieces.

Inventory:

Hand Weapons
 e - a +0 club
 h - a +0 spear
 k - a +0 short sword
 s - a +0 halberd (weapon)
 t - a +1 flail of holy wrath
 y - a +6 dire flail of protection
 A - a +2 glaive of venom
 C - a +1 dagger of draining
Missiles
 b - 101 stones (quivered)
Armour
 L - a +0 buckler
Jewellery
 E - a cursed -3 ring of dexterity {unknown}
 M - an uncursed amulet of the acrobat
Wands
 i - a wand of iceblast (21)
 p - a wand of digging (5)
 x - a wand of polymorph (10)
 I - a wand of enslavement (7)
Scrolls
 a - 10 scrolls of identify
 d - a scroll of noise {unknown}
 f - a scroll of fog {unknown}
 q - 9 scrolls of remove curse
 r - 6 scrolls of teleportation
 u - a scroll of enchant armour {unknown}
 B - a scroll of magic mapping {unknown}
 K - a scroll of enchant weapon {unknown}
Potions
 g - 2 potions of flight
 j - 2 potions of brilliance {unknown}
 l - a potion of heal wounds {unknown}
 m - a potion of resistance {unknown}
 n - a potion of cancellation {unknown}
 o - a potion of berserk rage {unknown}
 v - 3 potions of degeneration {unknown}
 w - 2 potions of mutation {unknown}
 z - a potion of magic {unknown}
 D - 2 potions of haste
 G - a potion of ambrosia {unknown}
 H - a potion of invisibility
Comestibles
 c - 16 rations


   Skills:
 - Level 2.0 Fighting
 + Level 3.8 Short Blades
 - Level 4.2 Dodging
 - Level 6.1 Stealth
 - Level 5.6 Spellcasting
 * Level 4.8 Conjurations
 - Level 4.4 Transmutations
 + Level 10.1 Earth Magic


You had 5 spell levels left.
You knew the following spells:

 Your Spells              Type           Power        Failure   Level  Hunger
a - Sandblast             Erth           #####.       1%          1    None
b - Passwall              Tmut/Erth      ####....     1%          2    None
c - Stone Arrow           Conj/Erth      ####..       1%          3    ##.....
d - Lee's Rapid Deconstr  Erth           #####.....   5%          5    #####..
e - Petrify               Tmut/Erth      ####....     6%          4    ####...

Your spell library contained the following spells:

 Spells                   Type           Power        Failure   Level  Hunger
 Magic Dart               Conj           ###.         1%          1    None
 Conjure Flame            Conj/Fire      ##......     14%         3    ##.....
 Blink                    Tloc           N/A          19%         2    None
 Call Imp                 Summ           #.......     19%         2    None
 Slow                     Hex            #.......     19%         2    None
 Mephitic Cloud           Conj/Pois/Air  ##......     19%         3    ##.....


Dungeon Overview and Level Annotations

Branches:
Dungeon (8/15)             Temple (1/1) D:6            Lair (0/6) D:8

Altars:
Ashenzari
Cheibriados
Dithmenos
Elyvilon
Fedhas
Gozag
Hepliaklqana
Kikubaaqudgha
Makhleb
Nemelex Xobeh
Okawaru
Qazlal
Ru
Sif Muna
Trog
Uskayaw
Vehumet
Wu Jian
Xom
Yredelemnul
Zin
The Shining One

Annotations:
D:6 2 transporters


Innate Abilities, Weirdness & Mutations

You can breathe bolts of dispelling energy.
Your rich purple scales are hard. (AC +7)
You cannot fit into any form of body armour.
You are cold-blooded and may be slowed by cold attacks.


Message History

It is a scroll of identify.
M - an uncursed amulet of the acrobat The orc wizard hits you with a +0 dagger.
* * * LOW HITPOINT WARNING * * *
The orc wizard hits you with a +0 dagger.
* * * LOW HITPOINT WARNING * * *
The centaur unwields a +0 shortbow.
The centaur hits you.
* * * LOW HITPOINT WARNING * * *
As you read the scroll labeled NANUHU LOLIOCE, it crumbles to dust.
You feel strangely unstable.
It was a scroll of teleportation.
The centaur closely misses you.
It was a potion of haste.
You feel yourself speed up.
The orc wizard hits you with a +0 dagger.
* * * LOW HITPOINT WARNING * * *
The centaur closely misses you. The orc misses you.
The orc wizard gestures at you while chanting.
The puff of flame hits you.
* * * LOW HITPOINT WARNING * * *
The centaur hits you!
You die...

........ ...
.......# ...
....#.# #o#
.....# ##c(#
#..###(o##
#..))(.o.#
..####.cK#.#.##
......co###....
..##..o@#
##.... #...##
....# #...
...## .....
.... .......
..#.### .###


You could see 2 centaurs, an orc wizard, an orc and a kobold.

Vanquished Creatures
  An elephant (D:8)
  A troll (D:7)
  Grinder (D:5)
  2 hippogriffs
  A spriggan (D:8)
  Grum (D:8)
  A basilisk (D:8)
  Edmund (D:6)
  2 acid dragons (D:11)
  3 ice beasts
  An orc warrior (D:6)
  3 ogres
  2 sky beasts
  A black bear (D:5)
  A phantom (D:5)
  A necrophage (D:5)
  3 wolves
  5 centaurs
  A crocodile (D:8)
  2 big kobolds
  A scorpion (D:4)
  2 howler monkeys
  2 jellies
  2 crimson imps (D:5)
  A bullfrog zombie (D:7)
  A centaur zombie (D:6)
  A quasit (D:8)
  2 hounds
  2 bullfrog skeletons
  7 orc priests
  3 iguanas
  4 worker ants
  5 orc wizards
  Ijyb (D:5)
  A killer bee zombie (D:5)
  A hound zombie (D:6)
  2 hound skeletons
  A worker ant zombie (D:7)
  A gnoll (D:3)
  8 adders
  2 oozes
  4 worms
  3 dart slugs
  4 leopard geckos
  23 orcs
  2 bats
  6 giant cockroaches
  3 goblins
  4 hobgoblins
  16 jackals
  6 quokkas
  6 frilled lizards
  A giant cockroach zombie (D:6)
  13 kobolds
  5 rats
180 creatures vanquished.

Vanquished Creatures (others)
  A black bear (D:6)
  A jackal (D:6)
2 creatures vanquished.

Grand Total: 182 creatures vanquished

Notes
Turn   | Place    | Note
-------+----------+-------------------------------------------
     0 | D:1      | Folque the Draconian Earth Elementalist began the quest for
                  | the Orb.
     0 | D:1      | Reached XP level 1. HP: 14/14 MP: 3/3
   153 | D:1      | Found a sparkling altar of Nemelex Xobeh.
   181 | D:1      | Reached skill level 1 in Fighting
   181 | D:1      | Reached XP level 2. HP: 23/23 MP: 1/5
   532 | D:2      | Learned a level 2 spell: Passwall
   572 | D:2      | Found a faded altar of an unknown god.
   850 | D:2      | Reached XP level 3. HP: 21/29 MP: 4/6
   873 | D:2      | Learned a level 3 spell: Stone Arrow
  1344 | D:3      | Found an ornate altar of the Wu Jian Council.
  1705 | D:3      | Reached XP level 4. HP: 24/36 MP: 5/8
  1768 | D:3      | Reached skill level 1 in Conjurations
  1937 | D:4      | Reached skill level 4 in Earth Magic
  1937 | D:4      | Reached XP level 5. HP: 31/41 MP: 5/9
  2466 | D:4      | Reached XP level 6. HP: 45/48 MP: 1/11
  2481 | D:4      | Learned a level 5 spell: Lee's Rapid Deconstruction
  2982 | D:5      | Entered Level 5 of the Dungeon
  3082 | D:5      | Noticed Ijyb
  3082 | D:5      | Reached skill level 5 in Earth Magic
  3082 | D:5      | Your scales start taking on a rich purple colour.
  3082 | D:5      | Reached skill level 5 in Spellcasting
  3082 | D:5      | Reached XP level 7. HP: 55/55 MP: 2/15
  3087 | D:5      | Killed Ijyb
  3126 | D:5      | Learned a level 4 spell: Petrify
  3390 | D:5      | Reached skill level 6 in Earth Magic
  3891 | D:5      | Noticed Grinder
  3914 | D:5      | Killed Grinder
  3914 | D:5      | Reached XP level 8. HP: 61/61 MP: 1/16
  4350 | D:5      | Reached skill level 7 in Earth Magic
  4373 | D:6      | Found a staircase to the Ecumenical Temple.
  4399 | Temple   | Entered the Ecumenical Temple
  4687 | Temple   | Became a worshipper of Sif Muna the Loreminder
  4718 | D:6      | Reached skill level 8 in Earth Magic
  5050 | D:6      | Reached XP level 9. HP: 65/65 MP: 0/17
  5078 | D:6      | Found a transporter.
  5078 | D:6      | Noticed a cyclops
  5248 | D:6      | Found a snail-covered altar of Cheibriados.
  5300 | D:6      | Reached * piety under Sif Muna
  5330 | D:6      | Noticed Edmund
  5353 | D:6      | Killed Edmund
  5611 | D:6      | Found a transporter.
  5616 | D:6      | Found an iron altar of Okawaru.
  5889 | D:7      | Reached skill level 9 in Earth Magic
  6006 | D:7      | Noticed a troll
  6024 | D:7      | Killed a troll
  6327 | D:7      | Reached skill level 1 in Short Blades
  6518 | D:7      | Found a shadowy altar of Dithmenos.
  6528 | D:7      | Found a shattered altar of Ashenzari.
  6529 | D:7      | Found a white marble altar of Elyvilon.
  6533 | D:7      | Found a shimmering altar of Xom.
  6924 | D:7      | Reached skill level 5 in Stealth
  7329 | D:8      | Found a staircase to the Lair.
  7329 | D:8      | Noticed an elephant
  7329 | D:8      | Noticed Grum
  7692 | D:8      | Killed Grum
  7822 | D:8      | Reached XP level 10. HP: 71/71 MP: 4/18
  7984 | D:8      | Reached ** piety under Sif Muna
  8167 | D:8      | Killed an elephant
  8167 | D:8      | Reached skill level 10 in Earth Magic
  8417 | D:8      | You fall through a shaft for 3 floors!
  8441 | D:11     | HP: 1/73 [orc wizard/puff of flame (5)]
  8441 | D:11     | Mangled by a centaur

Skill      XL: |  1  2  3  4  5  6  7  8  9 10 |
---------------+-------------------------------+-----
Fighting       | 1 2 |  2.0
Spellcasting   | 3 5 |  5.6
Conjurations   | 2 3 4 |  4.8
Earth Magic    | 4 5 6 8 9 10 | 10.1
Transmutations | 4 |  4.4
Dodging        | 3 4 |  4.2
Stealth        | 6 |  6.1
Short Blades   | 2 3 |  3.8

Action                   |  1- 3 |  4- 6 |  7- 9 | 10-12 || total
-------------------------+-------+-------+-------+-------++-------
Melee: Unarmed           |     8 |       |       |       ||     8
       Tailslap          |    10 |     4 |    18 |     6 ||    38
       Spear             |   113 |       |       |       ||   113
       Club              |    16 |       |       |       ||    16
       Halberd           |       |    45 |   124 |    17 ||   186
       Short sword       |       |       |    16 |       ||    16
       Dire flail        |       |       |    21 |       ||    21
       Dagger            |       |       |    17 |     8 ||    25
 Cast: Sandblast         |    29 |    32 |    54 |    13 ||   128
       Stone Arrow       |     2 |    17 |    55 |    11 ||    85
       Passwall          |       |     1 |       |       ||     1
       Petrify           |       |       |    14 |     5 ||    19
       Lee's Rapid Decon |       |       |    14 |     6 ||    20
Invok: Divine Energy     |       |       |     1 |       ||     1
  Use: Potion            |       |     2 |     2 |     3 ||     7
       Scroll            |       |       |       |     3 ||     3
 Stab: Sleeping          |     8 |     2 |     9 |       ||    19
       Petrified         |       |       |    33 |     5 ||    38
  Eat: Chunk             |     3 |     6 |    20 |     4 ||    33
       Ration            |       |       |     1 |     1 ||     2
Armor: Skin              |    41 |    19 |    69 |    42 ||   171
Dodge: Dodged            |    96 |    36 |   157 |    84 ||   373
